 Dungeon Crawl Stone Soup version 0.27-a0-1612-gde56a17b89 (webtiles) character file.

Game seed: 9308125572728630996

84 Sin92 the Shield-Bearer (level 4, -3/40 HPs)
             Began as a Minotaur Fighter on July 22, 2021.
             Slain by Sigmund (8 damage)
             ... on level 3 of the Dungeon.
             The game lasted 00:02:15 (1699 turns).

Sin92 the Shield-Bearer (Minotaur Fighter)          Turns: 1699, Time: 00:02:16

Health: -3/40      AC:  7    Str: 22    XL:     4   Next: 24%
Magic:  3/3        EV:  8    Int:  5    God:
Gold:   117        SH:  9    Dex:  9    Spells: 3/3 levels left

rFire    . . .     SeeInvis .   a - +0 war axe
rCold    . . .     Faith    .   c - +0 kite shield
rNeg     . . .     Spirit   .   b - +0 scale mail
rPois    .         Reflect  .   (helmet restricted)
rElec    .         Harm     .   (no cloak)
rCorr    .         Rampage  .   (no gloves)
Will     .....                  (no boots)
Stlth    ..........             (no amulet)
HPRegen  0.13/turn              (no ring)
MPRegen  0.08/turn              (no ring)

@: no status effects
A: horns 2, retaliatory headbutt
a: no special abilities


You were on level 3 of the Dungeon.
You visited 1 branch of the dungeon, and saw 3 of its levels.

You collected 117 gold pieces.

Inventory:

Hand Weapons
 a - a +0 war axe (weapon)
Armour
 b - a +0 scale mail (worn)
 c - a +0 kite shield (worn)
Scrolls
 g - a scroll of silence {unknown}
 h - a scroll of enchant weapon {unknown}
 i - a scroll of holy word {unknown}
 j - 2 scrolls of identify {unknown}
Potions
 d - a potion of might
 e - a potion of berserk rage {unknown}
 f - 3 potions of brilliance {unknown}
 k - a potion of curing {unknown}


   Skills:
 + Level 4.1 Fighting
 * Level 3.7 Axes
 + Level 4.1 Armour
 + Level 1.5 Dodging
 + Level 4.2 Shields


You had 3 spell levels left.
You didn't know any spells.
Your spell library contained the following spells:

 Spells                   Type           Power      Damage    Failure   Level
 Sublimation of Blood     Necr           0%         N/A       100%        2
 Petrify                  Tmut/Erth      0%         N/A       100%        4
 Irradiate                Conj/Tmut      0%         3d13      100%        5


Dungeon Overview and Level Annotations

Branches:
Dungeon (3/15)

Altars:

Annotations:
D:3 Sigmund


Innate Abilities, Weirdness & Mutations

You have a pair of horns on your head.
You reflexively headbutt those who attack you in melee.


Message History

You kill the endoplasm!
You miss something.
You hear some strange, mumbled words.
You are confused.
Something hits you.
Unknown command.
A rat is nearby!
You are too confused!
Unknown command.
A rat is nearby!
You are too confused!
Unknown command.
A rat is nearby!
You are too confused!
Unknown command.
A rat is nearby!
You are too confused!
A magic dart appears from out of thin air!
The magic dart hits you!
You hear some strange, mumbled words.
Something tries to affect you, but you resist.
Unknown command.
The rat bites you but does no damage. Something hits you.
* * * LOW HITPOINT WARNING * * *
Unknown command.
You miss something. You slash the rat!
You kill the rat!
Something hits you.
* * * LOW HITPOINT WARNING * * *
The ball python bites you but does no damage.
The ball python barely misses you.
Unknown command.
You barely miss something. You completely miss the ball python.
You feel less confused. The ball python closely misses you.
You furiously retaliate!
You headbutt the ball python, but do no damage.
You block the ball python's attack. You block something's attack.
The ball python bites you but does no damage.
The ball python barely misses you. Something hits you!
You die...

.# #......... .
.##......... ..
............ ....
#.....#..#.# ..
..#.!........### ...#
.............. .....
#..........#
......#@.....#..#
.....r{S†...##.>#
................#
................#
####...#........#
#....#........#
#.........#..##
#.....##.####..#######
#.##.# #.. #........#


You could see a ball python and a rat.

Vanquished Creatures
  3 adders (D:2)
  A worm (D:2)
  2 dart slugs (D:2)
  2 ball pythons (D:2)
  4 endoplasms
  2 giant cockroaches
  5 goblins
  4 hobgoblins
  5 jackals (D:1)
  2 kobolds (D:1)
  A quokka (D:2)
  5 bats
  3 frilled lizards
  6 rats
45 creatures vanquished.

Notes
Turn   | Place    | Note
-------+----------+-------------------------------------------
     0 | D:1      | Sin92 the Minotaur Fighter began the quest for the Orb.
     0 | D:1      | Reached XP level 1. HP: 19/19 MP: 0/0
   244 | D:1      | Reached XP level 2. HP: 27/27 MP: 1/1
   557 | D:1      | Reached skill level 1 in Dodging
   713 | D:2      | Reached XP level 3. HP: 29/33 MP: 2/2
  1226 | D:2      | Reached XP level 4. HP: 40/40 MP: 3/3
  1299 | D:2      | Found a faded altar of an unknown god.
  1688 | D:3      | Noticed Sigmund
  1699 | D:3      | Slain by Sigmund

Illustrated notes

Levels and vault maps discovered:
D:1:      doesnt_arrival_eight_statues, layout_basic, minmay_misc_feat_enclosed
D:2:      minmay_spotlight, layout_loops_ring, basic_ecumenical_altar,
          supply_closet_lemuel
D:3:      layout_rooms, gammafunk_temple_overflow_elements,
          trog_three_pillars_becter, nicolae_gozag_seed_capital, serial_shops,
          nicolae_lakefront_shop, uniq_sigmund

Skill      XL: |  1  2  3 |
---------------+----------+-----
Axes           | 3 |  3.7
Dodging        | 1 |  1.5
Shields        | 4 |  4.2
Fighting       | 4 |  4.1
Armour         | 4 |  4.1

Action                   |  1- 3 |  4- 6 || total
-------------------------+-------+-------++-------
Melee: War axe           |    84 |    11 ||    95
       Headbutt          |    10 |       ||    10
Armor: Scale mail        |    46 |     6 ||    52
Dodge: Dodged            |    20 |     5 ||    25
Block: Kite shield       |    42 |     7 ||    49

Table legend: (Time is in decaauts)
 A = Elapsed time spent in this place.
 B = Non-inter-level travel time spent in this place.
 C = Inter-level travel time spent in this place.
 D = Time resting spent in this place.
 E = Time spent auto-exploring this place.
 F = Levels seen in this place.
 G = Mean time per level.
                   A        B        C        D        E       F      G
               +--------+--------+--------+--------+--------+-----+--------+
         Total |   1752 |   1712 |     40 |    249 |   1212 |   3 |  584.0 |
       Dungeon |   1752 |   1712 |     40 |    249 |   1212 |   3 |  584.0 |
               +--------+--------+--------+--------+--------+-----+--------+

Top non-repeatable levels by time:
     D:2: 1016 daAuts
     D:1: 711 daAuts
     D:3: 24 daAuts
